 Dungeon Crawl Stone Soup version 0.32-a0-675-gdc239d62e1 (webtiles) character file.

Game seed: 2475452225942039219

84 growler the Ruffian (level 4, 22/35 HPs)
             Began as a Draconian Shapeshifter on Mar 11, 2024.
             Was an Initiate of Beogh.
             Quit the game on level 3 of the Dungeon.
             The game lasted 00:06:43 (1802 turns).

growler the Ruffian (Draconian Shapeshifter)        Turns: 1802, Time: 00:06:44

Health: 22/35      AC:  5    Str: 17    XL:     4   Next: 23%
Magic:  4/4        EV: 12    Int: 10    God:    Beogh [......]
Gold:   137        SH:  0    Dex: 12    Spells: 3/3 levels left

rFire   . .          .
                       - Unarmed
rCold   . . .        (no shield)
rNeg    . . .        (body armour unavailable)
rPois   +            (helmet currently unavailable)
rElec   +            (cloak currently unavailable)
rCorr   .            (gloves currently unavailable)
SInv    .            (boots currently unavailable)
Will    .....        (no amulet)
Stlth   +            i - ring of poison resistance
HPRegen 0.25/turn    (no ring)
MPRegen 0.09/turn

%: no passive effects
@: beast-form
A: beast (slay +2), AC +5, unfitting armour, cold-blooded, horns 1,
deterioration 1, electricity resistance
a: Begin Untransformation, Renounce Religion


You were on level 3 of the Dungeon.
You worshipped Beogh.
Beogh was noncommittal.
You were a hulking beast.
You visited 1 branch of the dungeon, and saw 3 of its levels.

You collected 137 gold pieces.

Inventory:

Armour
 q - a +0 pair of boots
Jewellery
 a - a ring of ice
 i - a ring of poison resistance (left hand)
Talismans
 b - a beast talisman (active)
 c - a flux talisman
Scrolls
 e - 2 scrolls of enchant weapon {unknown}
 g - a scroll of identify {unknown}
 j - a scroll of vulnerability {unknown}
 k - 6 scrolls of teleportation {unknown}
Potions
 d - 2 potions of enlightenment {unknown}
 f - 2 potions of haste {unknown}
 h - a potion of mutation
 l - a potion of brilliance {unknown}
 m - a potion of magic {unknown}
 n - a potion of attraction {unknown}
 o - a potion of might {unknown}
 p - a potion of lignification
 r - a potion of curing {unknown}


   Skills:
 - Level 1.1 Fighting
 - Level 1.7 Dodging
 + Level 4.2 Unarmed Combat
 + Level 4.0 Shapeshifting


You had 3 spell levels left.
You didn't know any spells.
Your spell library was empty.

Dungeon Overview and Level Annotations

Branches:
Dungeon (3/15)

Altars:


Innate Abilities, Weirdness & Mutations

You are a hulking beast.
Your limbs bulge with bestial killing power. (Slay +2)
Your plain brown scales are hard. (AC +5)
You cannot fit into any form of body armour.
You are cold-blooded and may be slowed by cold attacks.
You have a pair of small horns on your head.
Your body sometimes deteriorates upon taking damage.
You are resistant to electric shocks. (rElec)


Message History

The orc hits you but does no damage.
You feel sick.
You feel sick. The orc attacks as it pursues you!
The orc hits you but does no damage.
You feel sick.
You feel sick.
You feel sick. The orc attacks as it pursues you! The orc misses you.
You feel sick.
You are no longer poisoned.
You barely miss the orc. You tail-slap the orc.
The orc is moderately wounded.
The orc closely misses you. The orc hits you but does no damage.
An orc priest comes into view. It is wielding a +0 whip.
The orc attacks as it pursues you!
The orc hits you with a +1 whip of venom.
* * * LOW HITPOINT WARNING * * *
The orc attacks as it pursues you! The orc barely misses you.
You barely miss the orc.
The orc is lightly wounded.
The orc hits you but does no damage.
It was a potion of mutation.
You feel extremely strange.
You feel yourself wasting away.
You feel insulated. A pair of horns grows on your head!
The orc hits you with a +1 whip of venom.
* * * LOW HITPOINT WARNING * * *
You bow before the missionary of Beogh.
Beogh welcomes you!
The priest grants you succour and welcomes you into the fold.
The other orcs roar their approval!
The orc priest goes down the stairs.
The orc goes down the stairs.
The orc goes down the stairs. x2
Welcome back, growler the Draconian Shapeshifter.
Beogh says: Show the world what it means to be an orc!
Press ? for a list of commands and other information.
Welcome back, growler the Draconian Shapeshifter.
Beogh says: Show the world what it means to be an orc!
Press ? for a list of commands and other information.
Are you sure you want to abandon this character and quit the game? (Confirm with "yes".)

#.....#.########
................
##.......#.##### ####
#....##...## ##....
#.... ##...# ####...#
#....####..###....######
#... #..................
#... #.##..##..#########
### # #.h...## #.#>.##
#.#.## ..#.# ####.# #.#
.. .#


There were no monsters in sight!

Vanquished Creatures
  An adder (D:2)
  A dart slug (D:1)
  A ribbon worm (D:2)
  3 orcs (D:3)
  4 ball pythons
  2 endoplasms (D:2)
  3 giant cockroaches
  9 goblins
  6 hobgoblins
  12 jackals
  4 quokkas
  5 bats
  2 frilled lizards
  2 kobolds (D:1)
  2 rats (D:1)
57 creatures vanquished.

Notes
Turn   | Place    | Note
-------+----------+-------------------------------------------
     0 | D:1      | growler the Draconian Shapeshifter began the quest for the
                  | Orb.
     0 | D:1      | Reached XP level 1. HP: 16/16 MP: 1/1
   149 | D:1      | Reached XP level 2. HP: 23/23 MP: 2/2
   658 | D:1      | Reached XP level 3. HP: 21/28 MP: 3/3
  1340 | D:2      | Reached XP level 4. HP: 35/35 MP: 4/4
  1789 | D:3      | Gained mutation: Your body sometimes deteriorates upon
                  | taking damage. [potion of mutation]
  1789 | D:3      | Gained mutation: You are resistant to electric shocks.
                  | (rElec) [potion of mutation]
  1789 | D:3      | Gained mutation: You have a pair of small horns on your
                  | head. [potion of mutation]
  1790 | D:3      | Became a worshipper of Beogh the Shepherd
  1802 | D:3      | Quit the game

Illustrated notes

Levels and vault maps discovered:
D:1:      ebering_trefoil_3fold, layout_basic, serial_corexii_hall,
          chequers_hall_statues_wall_a, corexii_hall_statues_u,
          corexii_hall_statues_x, chequers_hall_statues_corner_a,
          wad_floor_pattern_untrapped, serial_bayou_pond_d, minmay_box_of_dots
D:2:      layout_basic, minmay_tetromino_o2
D:3:      layout_basic, guppyfry_early_orc_mine, uniq_terence

Skill      XL: |  1  2  3  4 |
---------------+-------------+-----
Unarmed Combat | 4 |  4.2
Shapeshifting  | 4 |  4.0
Fighting       | |  1.1
Dodging        | |  1.7

Action                     |  1- 3 |  4- 6 || total
---------------------------+-------+-------++-------
  Melee: Unarmed           |   144 |    25 ||   169
         Tailslap          |    10 |     3 ||    13
         Punch             |     1 |       ||     1
 Invoke: Convert to Beogh  |       |     1 ||     1
    Use: Potion            |     1 |     1 ||     2
 Armour: Skin              |   137 |    21 ||   158
  Dodge: Dodged            |   134 |    13 ||   147

Table legend: (Time is in decaauts)
 A = Elapsed time spent in this place.
 B = Non-inter-level travel time spent in this place.
 C = Inter-level travel time spent in this place.
 D = Time resting spent in this place.
 E = Time spent auto-exploring this place.
 F = Levels seen in this place.
 G = Mean time per level.
                   A        B        C        D        E       F      G
               +--------+--------+--------+--------+--------+-----+--------+
         Total |   1792 |   1741 |     51 |      0 |   1377 |   3 |  597.3 |
       Dungeon |   1792 |   1741 |     51 |      0 |   1377 |   3 |  597.3 |
               +--------+--------+--------+--------+--------+-----+--------+

Top non-repeatable levels by time:
     D:1: 862 daAuts
     D:2: 759 daAuts
     D:3: 170 daAuts
